 Dungeon Crawl Stone Soup version 0.24.0-1-gfbc8707122 (webtiles) character file.

Game seed: 2290662788194278201, levelgen mode: deterministic

37 mortelune the Skirmisher (level 3, 0/30 HPs)
             Began as a Formicid Abyssal Knight on Oct 26, 2019.
             Was a Follower of Lugonu.
             Slain by a gnoll (3 damage)
             ... on level 1 of the Dungeon.
             The game lasted 00:02:33 (987 turns).

mortelune the Skirmisher (Formicid Abyssal Knight)   Turns: 987, Time: 00:02:34

Health: 0/30       AC:  3    Str: 17    XL:     3   Next: 62%
Magic:  4/4        EV: 11    Int: 11    God:    Lugonu [*.....]
Gold:   61         SH:  0    Dex: 10    Spells: 2/2 levels left

rFire    . . .     SeeInvis +   a - +1 falchion
rCold    . . .     Gourm    .   (no shield)
rNeg     . . .     Faith    .   b - +0 leather armour
rPois    .         Spirit   .   (helmet unavailable)
rElec    .         Reflect  .   (no cloak)
rCorr    .         Harm     .   (no gloves)
MR       .....                  (no boots)
Stlth    +.........             (no amulet)
HPRegen  0.10/turn              (no ring)
MPRegen  0.09/turn              (no ring)

@: no status effects
A: permanent stasis, dig shafts and tunnels, four strong arms, antennae 3
a: Dig, Shaft Self, Depart the Abyss, Renounce Religion


You were on level 1 of the Dungeon.
You worshipped Lugonu.
Lugonu was aware of your devotion.
You were hungry.

You visited 1 branch of the dungeon, and saw 2 of its levels.
You visited the Abyss 1 time.

You collected 61 gold pieces.

Inventory:

Hand Weapons
 a - a +1 falchion (weapon)
Armour
 b - a +0 leather armour (worn)
Scrolls
 e - a scroll of fog {unknown}
 f - 2 scrolls of identify {unknown}
 g - a scroll of amnesia {unknown}
 h - 2 scrolls of enchant armour {unknown}
 i - a scroll of teleportation {unknown}
 j - a scroll of blinking {unknown}
Comestibles
 c - 2 rations


   Skills:
 + Level 3.7 Fighting
 * Level 3.0 Long Blades
 + Level 2.7 Armour
 - Level 0.8 Dodging
 - Level 2.1 Invocations


You had 2 spell levels left.
You didn't know any spells.
Your spell library was empty.

Dungeon Overview and Level Annotations

Branches:
Dungeon (2/15)

Altars:


Innate Abilities, Weirdness & Mutations

You cannot be hasted, slowed, berserked, paralysed or teleported.
You can dig through walls and to a lower floor.
Your four strong arms can wield two-handed weapons with a shield.
You have a pair of large antennae on your head. (SInv)


Message History

You climb upwards.
There is a stone staircase leading down here.
You hit the gnoll.
The gnoll is heavily wounded.
The gnoll hits you. The gnoll barely misses you.
You slash the gnoll!
You kill the gnoll!
Lugonu accepts your kill.
Your Long Blades skill increases to level 3!
The gnoll hits you.
* * * LOW HITPOINT WARNING * * *
You are feeling hungry.
The gnoll hits you.
* * * LOW HITPOINT WARNING * * *
You aren't carrying any potions.
You barely miss the gnoll. The gnoll hits you.
* * * LOW HITPOINT WARNING * * *
The gnoll hits you but does no damage. The gnoll hits you.
You die...

........###......#
.................#
......(###.....(.#
###'##.).#.......#
#.##.#)#####'###
###.##.#.#.....#####
...........>####...#
#######.##.....#.g.#
PPPPPPP.##...#.#@..#
PPPPPPP.##...#.#...#
.)PPPPP......#.#...#
PP..PPP..#.###(#...#
.PPP.PP..#...#.#...#
P.PP.PP..#.........#
PP.PP.P............#
.PP.).P.##.........#
P.P.P...##....)...##


You could see a gnoll.

Vanquished Creatures
  A gnoll (D:1)
  A dart slug (D:1)
  A leopard gecko (D:1)
  4 bats (D:1)
  A goblin (D:1)
  8 hobgoblins (D:1)
  3 kobolds (D:1)
  2 frilled lizards (D:1)
  A rat (D:1)
  2 plants (D:1)
24 creatures vanquished.

Notes
Turn   | Place    | Note
-------+----------+-------------------------------------------
     0 | Abyss:1  | mortelune the Formicid Abyssal Knight began the quest for
                  | the Orb.
     0 | Abyss:1  | Reached XP level 1. HP: 18/18 MP: 2/2
   101 | Abyss:1  | Noticed a quasit
   102 | D:1      | Escaped the Abyss
   133 | D:1      | Reached * piety under Lugonu
   272 | D:1      | Reached XP level 2. HP: 16/24 MP: 3/3
   573 | D:1      | Reached XP level 3. HP: 28/29 MP: 4/4
   987 | D:1      | Slain by a gnoll

Levels and vault maps discovered:
D:1:      roderic_crop_circles_arrival_small, layout_basic
D:2:      layout_loops_cross, first_ration

Skill      XL: |  1  2  3 |
---------------+----------+-----
Long Blades    | 3 |  3.0
Fighting       | |  3.7
Armour         | |  2.7
Dodging        | |  0.8
Invocations    | |  2.1

Action                   || total
-------------------------++-------
Melee: Falchion          ||   127
Invok: Depart the Abyss  ||     1
Armor: Leather armour    ||    18
Dodge: Dodged            ||    46
       Rpst.: Falchion   ||    13
